 Dungeon Crawl Stone Soup version 0.28-a0-535-g6f645e4c1d (webtiles) character file.

Game seed: 2120632130536537732

74 Shayle the Magician (level 4, -5/35 HPs)
             Began as a Djinni Warper on Sept 26, 2021.
             Slain by an iguana (9 damage)
             ... on level 3 of the Dungeon.
             The game lasted 00:10:31 (2930 turns).

Shayle the Magician (Djinni Warper)                 Turns: 2930, Time: 00:10:32

Health: -5/35      AC:  3    Str: 10    XL:     4   Next: 54%
Gold:   75         EV: 12    Int: 16    God:
                   SH:  0    Dex: 18

rFire   + + .      SeeInvis .     - Unarmed
rCold   x . .      Faith    .   (no shield)
rNeg    . . .      Spirit   .   a - +0 leather armour
rPois   ∞          Reflect  .   (no helmet)
rElec   .          Harm     .   (no cloak)
rCorr   .          Rampage  .   (no gloves)
Will    .....                   (boots unavailable)
Stlth   +.........              (no amulet)
HPRegen 0.11/turn               j - +6 ring of dexterity
MPRegen 0.00/turn               (no ring)

@: flying
A: sickness immunity, fire resistance 2, cold vulnerability 1, float, innate
caster, hp casting, extra vitality 1
a: no special abilities


You were on level 3 of the Dungeon.
You visited 1 branch of the dungeon, and saw 3 of its levels.

You collected 88 gold pieces.
You spent 13 gold pieces at shops.

Inventory:

Missiles
 c - 2 boomerangs of dispersal (quivered)
Armour
 a - a +0 leather armour (worn)
Jewellery
 g - an amulet of faith
 j - a +6 ring of dexterity (left hand)
Scrolls
 b - a scroll of blinking
 d - a scroll of teleportation
 e - a scroll of fog {unknown}
 f - a scroll of vulnerability {unknown}
 i - 2 scrolls of identify {unknown}
Potions
 l - a potion of resistance


   Skills:
 + Level 3.0 Fighting
 - Level 0.7 Throwing
 - Level 1.0 Armour
 - Level 2.1 Dodging
 + Level 3.0 Unarmed Combat
 + Level 3.0 Spellcasting


You couldn't memorise any spells.
You knew the following spells:

 Your Spells              Type           Power      Damage    Failure   Level
a - Blink                 Tloc           N/A        N/A       11%         2
b - Lesser Beckoning      Tloc           12%        N/A       22%         3
c - Gell's Gravitas       Tloc           6%         N/A       22%         3
d - Teleport Other        Tloc           12%        N/A       22%         3
e - Manifold Assault      Tloc           12%        N/A       90%         5
f - Apportation           Tloc           24%        N/A       8%          1
Your spell library was empty.

Dungeon Overview and Level Annotations

Branches:
Dungeon (3/15)

Altars:
The Shining One

Shops:
D:1 =*


Innate Abilities, Weirdness & Mutations

You are immune to sickness and miasma.
You are immune to poison.
Your flesh is very heat resistant. (rF++)
You are vulnerable to cold. (rC-)
You float through the air rather than walking.
You learn spells naturally, not from books.
Your magical power is your life essence.
You have superior vitality. (+4 HP)


Message History

An iguana comes into view.
The iguana hisses angrily.
The iguana bites you!
You barely miss the iguana. The iguana barely misses you.
You hit the iguana but do no damage. The iguana barely misses you.
You hit the iguana.
The iguana is moderately wounded.
The iguana closely misses you.
You closely miss the iguana.
The iguana is moderately wounded.
The iguana closely misses you.
You hit the iguana.
The iguana is moderately wounded.
You hit the iguana but do no damage.
The iguana is moderately wounded.
The iguana bites you.
You hit the iguana.
The iguana is heavily wounded.
The iguana barely misses you.
You hit the iguana but do no damage.
The iguana is heavily wounded.
The iguana misses you.
You barely miss the iguana.
The iguana is heavily wounded.
The iguana bites you!
You hit the iguana.
The iguana is severely wounded.
The iguana barely misses you.
You hit the iguana.
The iguana is almost dead.
The iguana bites you!
* * * LOW HITPOINT WARNING * * *
You hit the iguana but do no damage.
The iguana is almost dead.
The iguana bites you.
* * * LOW HITPOINT WARNING * * *
You hit the iguana but do no damage.
The iguana is almost dead.
The iguana bites you!
You die...

#### #...
#.## #######
#.#. #.....#
#.#.
..#####.###.#
####.#.
........# #.#
#......
#.####..# #.#
#.#.##.
#l@...# #.#
#.#.##.
#.###.# #.#
#.#.##. #.
#.#
#.###.#.##.
## #.#
#.....#.##.
..#
#######.##.
### #.... ##


You could see an iguana.

Vanquished Creatures
  3 adders
  2 orcs (D:3)
  9 bats
  4 endoplasms
  A goblin (D:1)
  9 hobgoblins
  4 kobolds
  2 ball pythons
  3 frilled lizards
  7 rats
44 creatures vanquished.

Notes
Turn   | Place    | Note
-------+----------+-------------------------------------------
     0 | D:1      | Shayle the Djinni Warper began the quest for the Orb.
     0 | D:1      | Reached XP level 1. HP: 18/18 MP: 0/0
   160 | D:1      | Reached XP level 2. HP: 23/23 MP: 0/0
   658 | D:1      | Found Utuemm's General Store.
   663 | D:1      | Bought a potion of degeneration for 13 gold pieces
   783 | D:1      | Found Lodeetsina's Jewellery Shoppe.
   810 | D:1      | Reached XP level 3. HP: 26/29 MP: 0/0
   810 | D:1      | Learned a level 1 spell: Apportation
   908 | D:1      | Found a faded altar of an unknown god.
  1994 | D:2      | Reached XP level 4. HP: 24/34 MP: 0/0
  2339 | D:3      | Found a glowing golden altar of the Shining One.
  2930 | D:3      | Slain by an iguana

Illustrated notes

Levels and vault maps discovered:
D:1:      evilmike_arrival_plus, layout_loops_ring,
          dreamdust_ecumenical_altar_sealed_demon, serial_shops,
          nicolae_shop_waterfront, shop, minmay_strange_pillars,
          minmay_pentomino_q2
D:2:      layout_basic, serial_bayou_pond_d
D:3:      layout_basic, old_standard_altar, chequers_serial_rivers_large_a

Skill      XL: |  1  2  3  4 |
---------------+-------------+-----
Fighting       | 3 |  3.0
Spellcasting   | 3 |  3.0
Unarmed Combat | 3 |  3.0
Throwing       | |  0.7
Armour         | |  1.0
Dodging        | |  2.1

Action                   |  1- 3 |  4- 6 || total
-------------------------+-------+-------++-------
Melee: Unarmed           |   138 |    70 ||   208
Throw: Boomerang         |     3 |       ||     3
 Cast: Teleport Other    |     2 |     3 ||     5
       Blink             |     1 |     3 ||     4
  Use: Potion            |       |     3 ||     3
       Scroll            |       |     1 ||     1
 Stab: Sleeping          |     1 |       ||     1
Armor: Leather armour    |    57 |    28 ||    85
Dodge: Dodged            |   118 |    64 ||   182

Table legend: (Time is in decaauts)
 A = Elapsed time spent in this place.
 B = Non-inter-level travel time spent in this place.
 C = Inter-level travel time spent in this place.
 D = Time resting spent in this place.
 E = Time spent auto-exploring this place.
 F = Levels seen in this place.
 G = Mean time per level.
                   A        B        C        D        E       F      G
               +--------+--------+--------+--------+--------+-----+--------+
         Total |   2921 |   2878 |     43 |    859 |   1365 |   3 |  973.7 |
       Dungeon |   2921 |   2878 |     43 |    859 |   1365 |   3 |  973.7 |
               +--------+--------+--------+--------+--------+-----+--------+

Top non-repeatable levels by time:
     D:1: 1207 daAuts
     D:3: 884 daAuts
     D:2: 830 daAuts
